| TOP OF THE 1ST |
|
Detroit Tigers batting - Pitching for Minnesota Twins : RHP Chris Codiroli
|
|
Pitching: RHP Chris Codiroli
|
|
|
Batting: SHB Lee Mazzilli
|
0-0: Called Strike 0-1: Bunt - Flyout to 15S! F1
|
|
Batting: RHB Rusty Tillman
|
0-0: Ball 1-0: Called Strike 1-1: Fly out, F9 (Line Drive, 9, EV 91.3 MPH)
|
|
Batting: SHB Tony Phillips
|
0-0: Ball 1-0: Ball 2-0: Swinging Strike 2-1: Ball 3-1: Called Strike 3-2: Base on Balls
|
|
Batting: LHB Greg Brock
|
0-0: Ball 1-0: Called Strike Tony Phillips steals 2nd base 1-1: Swinging Strike 1-2: Ball 2-2: Ball 3-2: Foul Ball, location: 2F 3-2: Ground out U3 (Groundball, 3, EV 85.6 MPH)
|
| Top of the 1st over - 0 runs, 0 hits, 0 errors, 1 left on base; Detroit 0 - Minnesota 0 |
| BOTTOM OF THE 1ST |
|
Minnesota Twins batting - Pitching for Detroit Tigers : RHP Matt Wiseman
|
|
Pitching: RHP Matt Wiseman
|
|
|
Batting: RHB Lee Lacy
|
0-0: Ball 1-0: Ground out 5-3 (Groundball, 56S, EV 70.0 MPH)
|
|
Batting: RHB Steve Brye
|
0-0: Called Strike 0-1: SINGLE (Line Drive, 56D, EV 93.8 MPH)
|
|
Batting: RHB Matt Cooper
|
0-0: Ball 1-0: Called Strike 1-1: Swinging Strike 1-2: SINGLE (Groundball, 56S, EV 98.1 MPH) Steve Brye to second
|
|
Batting: RHB Randy Edwards
|
0-0: Fly out, F8 (Flyball, 8RXD, EV 104.4 MPH) Runner from 2nd tags up, SAFE at 3rd, no throw by CF
|
|
Batting: RHB Larry Hisle
|
0-0: Ball 1-0: Swinging Strike 1-1: DOUBLE (Flyball, 8RXD, EV 86.3 MPH) Steve Brye scores Matt Cooper to third Runner from 3rd tries for Home, SAFE, throw by CF to home
|
|
Batting: RHB George Foster
|
0-0: Foul Ball, location: 2F 0-1: Ground out 6-3 (Groundball, 6M, EV 88.8 MPH)
|
| Bottom of the 1st over - 2 runs, 3 hits, 0 errors, 1 left on base; Detroit 0 - Minnesota 2 |
| TOP OF THE 2ND |
|
Detroit Tigers batting - Pitching for Minnesota Twins : RHP Chris Codiroli
|
|
Batting: RHB Keith Moreland
|
0-0: Ball 1-0: Swinging Strike 1-1: Foul Ball, location: 2F 1-2: Strikes out swinging
|
|
Batting: RHB Andre Thornton
|
0-0: Ball 1-0: Foul Ball, location: 2F 1-1: Foul Ball, location: 2F 1-2: Ground out 4-3 (Groundball, 4, EV 101.3 MPH)
|
|
Batting: LHB Larry Harlow
|
0-0: Ball 1-0: Ball 2-0: Ball 3-0: Called Strike 3-1: Foul Ball, location: 2F 3-2: Strikes out swinging
|
| Top of the 2nd over - 0 runs, 0 hits, 0 errors, 0 left on base; Detroit 0 - Minnesota 2 |
| BOTTOM OF THE 2ND |
|
Minnesota Twins batting - Pitching for Detroit Tigers : RHP Matt Wiseman
|
|
Batting: RHB Chet Lemon
|
0-0: Called Strike 0-1: Swinging Strike 0-2: DOUBLE (Flyball, 78D, EV 111.3 MPH)
|
|
Batting: LHB Ken Oberkfell
|
0-0: Called Strike 0-1: Ball 1-1: Ball 2-1: Fly out, F2 (Popup, 15S, EV 86.9 MPH)
|
|
Batting: RHB Taylor Duncan
|
0-0: Foul Ball, location: 2F 0-1: Ball 1-1: Swinging Strike 1-2: Ball 2-2: Strikes out swinging
|
|
Batting: RHB Lee Lacy
|
0-0: Ball 1-0: Foul Ball, location: 2F 1-1: Foul Ball, location: 2F 1-2: Foul Ball, location: 2F 1-2: Ball 2-2: Foul Ball, location: 2F 2-2: Fly out, F8 (Flyball, 8RD, EV 97.5 MPH)
|
| Bottom of the 2nd over - 0 runs, 1 hit, 0 errors, 1 left on base; Detroit 0 - Minnesota 2 |
| TOP OF THE 3RD |
|
Detroit Tigers batting - Pitching for Minnesota Twins : RHP Chris Codiroli
|
|
Batting: LHB Dan Graham
|
0-0: Fly out, F7 (Flyball, 78D, EV 103.1 MPH)
|
|
Batting: RHB Mike Sproles
|
0-0: Ball 1-0: Ball 2-0: Called Strike 2-1: Foul Ball, location: 2F 2-2: Foul Ball, location: 2F 2-2: Strikes out swinging
|
|
Batting: SHB Lee Mazzilli
|
0-0: Ball 1-0: Ball 2-0: Foul Ball, location: 2F 2-1: Foul Ball, location: 2F 2-2: Foul Ball, location: 2F 2-2: Ball 3-2: Fly out, F5 (Flyball, 5D, EV 90.0 MPH)
|
| Top of the 3rd over - 0 runs, 0 hits, 0 errors, 0 left on base; Detroit 0 - Minnesota 2 |
| BOTTOM OF THE 3RD |
|
Minnesota Twins batting - Pitching for Detroit Tigers : RHP Matt Wiseman
|
|
Batting: RHB Steve Brye
|
0-0: Swinging Strike 0-1: Foul Ball, location: 2F 0-2: Fly out, F9 (Flyball, 9LM, EV 88.8 MPH)
|
|
Batting: RHB Matt Cooper
|
0-0: Ground out 6-3 (Groundball, 56, EV 85.0 MPH)
|
|
Batting: RHB Randy Edwards
|
0-0: Ball 1-0: Swinging Strike 1-1: Fly out, F7 (Flyball, 7LD, EV 93.8 MPH)
|
| Bottom of the 3rd over - 0 runs, 0 hits, 0 errors, 0 left on base; Detroit 0 - Minnesota 2 |
| TOP OF THE 4TH |
|
Detroit Tigers batting - Pitching for Minnesota Twins : RHP Chris Codiroli
|
|
Batting: RHB Rusty Tillman
|
0-0: Ball 1-0: Ground out 6-3 (Groundball, 6, EV 85.6 MPH)
|
|
Batting: SHB Tony Phillips
|
0-0: Called Strike 0-1: Ball 1-1: Ball 2-1: Foul Ball, location: 2F 2-2: Strikes out swinging
|
|
Batting: LHB Greg Brock
|
0-0: SINGLE (Line Drive, 6MD, EV 98.1 MPH)
|
|
Batting: RHB Keith Moreland
|
0-0: Called Strike 0-1: Ball 1-1: Called Strike 1-2: Ball 2-2: Strikes out swinging
|
| Top of the 4th over - 0 runs, 1 hit, 0 errors, 1 left on base; Detroit 0 - Minnesota 2 |
| BOTTOM OF THE 4TH |
|
Minnesota Twins batting - Pitching for Detroit Tigers : RHP Matt Wiseman
|
|
Batting: RHB Larry Hisle
|
0-0: Called Strike 0-1: Ball 1-1: Ball 2-1: Reached on error, E6 (Groundball, 6, EV 90.6 MPH)
|
|
Batting: RHB George Foster
|
0-0: Called Strike 0-1: Foul Ball, location: 2F 0-2: Foul Ball, location: 2F 0-2: Ball 1-2: Ball 2-2: SINGLE (Groundball, 56D, EV 95.6 MPH) Larry Hisle to second
|
|
Batting: RHB Chet Lemon
|
0-0: Foul Ball, location: 2F 0-1: Ball 1-1: Ball 2-1: Fly out, F4 (Flyball, 4D, EV 91.9 MPH)
|
|
Batting: LHB Ken Oberkfell
|
0-0: Called Strike 0-1: Grounds into double play, 6-4-3 (Groundball, 6, EV 101.9 MPH)
|
| Bottom of the 4th over - 0 runs, 1 hit, 1 error, 1 left on base; Detroit 0 - Minnesota 2 |
| TOP OF THE 5TH |
|
Detroit Tigers batting - Pitching for Minnesota Twins : RHP Chris Codiroli
|
|
Batting: RHB Andre Thornton
|
0-0: Foul Ball, location: 2F 0-1: Foul Ball, location: 2F 0-2: Ball 1-2: Ball 2-2: Foul Ball, location: 2F 2-2: Strikes out swinging
|
|
Batting: LHB Larry Harlow
|
0-0: Fly out, F2 (Popup, 25F, EV 85.0 MPH)
|
|
Batting: LHB Dan Graham
|
0-0: Ball 1-0: Called Strike 1-1: Foul Ball, location: 2F 1-2: Strikes out looking
|
| Top of the 5th over - 0 runs, 0 hits, 0 errors, 0 left on base; Detroit 0 - Minnesota 2 |
| BOTTOM OF THE 5TH |
|
Minnesota Twins batting - Pitching for Detroit Tigers : RHP Matt Wiseman
|
|
Batting: RHB Taylor Duncan
|
0-0: Foul Ball, location: 2F 0-1: Ground out 5-3 (Groundball, 56S, EV 91.3 MPH)
|
|
Batting: RHB Lee Lacy
|
0-0: Ball 1-0: Foul Ball, location: 2F 1-1: SINGLE (Groundball, 56D, EV 106.3 MPH)
|
|
Batting: RHB Steve Brye
|
0-0: Ball Lee Lacy is caught stealing 2nd base 2-4 1-0: Fly out, F8 (Flyball, 8LM, EV 80.0 MPH)
|
| Bottom of the 5th over - 0 runs, 1 hit, 0 errors, 0 left on base; Detroit 0 - Minnesota 2 |
| TOP OF THE 6TH |
|
Detroit Tigers batting - Pitching for Minnesota Twins : RHP Chris Codiroli
|
|
Batting: RHB Mike Sproles
|
0-0: Swinging Strike 0-1: Ball 1-1: Foul Ball, location: 2F 1-2: Strikes out looking
|
|
Batting: SHB Lee Mazzilli
|
0-0: Foul Ball, location: 2F 0-1: Ball 1-1: Called Strike 1-2: Fly out, F8 (Flyball, 8LD, EV 86.9 MPH)
|
|
Batting: RHB Rusty Tillman
|
0-0: Called Strike 0-1: Called Strike 0-2: Ball 1-2: Foul Ball, location: 2F 1-2: Foul Ball, location: 2F 1-2: Ball 2-2: Foul Ball, location: 2F 2-2: Foul Ball, location: 2F 2-2: Strikes out looking
|
| Top of the 6th over - 0 runs, 0 hits, 0 errors, 0 left on base; Detroit 0 - Minnesota 2 |
| BOTTOM OF THE 6TH |
|
Minnesota Twins batting - Pitching for Detroit Tigers : RHP Matt Wiseman
|
|
Batting: RHB Matt Cooper
|
0-0: Ball 1-0: Ground out 5-3 (Groundball, 5S, EV 83.1 MPH)
|
|
Batting: RHB Randy Edwards
|
0-0: Called Strike 0-1: Foul Ball, location: 2F 0-2: Ball 1-2: Ground out 4-3 (Groundball, 4, EV 102.5 MPH)
|
|
Batting: RHB Larry Hisle
|
0-0: Called Strike 0-1: Foul Ball, location: 2F 0-2: Strikes out swinging
|
| Bottom of the 6th over - 0 runs, 0 hits, 0 errors, 0 left on base; Detroit 0 - Minnesota 2 |
| TOP OF THE 7TH |
|
Detroit Tigers batting - Pitching for Minnesota Twins : RHP Chris Codiroli
|
|
Batting: SHB Tony Phillips
|
0-0: Ball 1-0: Ball 2-0: Ball 3-0: Called Strike 3-1: Base on Balls
|
|
Batting: LHB Greg Brock
|
0-0: Ball 1-0: Fly out, F5 (Popup, 5F, EV 67.5 MPH)
|
|
Batting: RHB Keith Moreland
|
0-0: Called Strike 0-1: Fly out, F8 (Flyball, 8RD, EV 93.1 MPH)
|
|
Batting: RHB Andre Thornton
|
0-0: Ball 1-0: Fly out, F8 (Flyball, 8RD, EV 106.3 MPH)
|
| Top of the 7th over - 0 runs, 0 hits, 0 errors, 1 left on base; Detroit 0 - Minnesota 2 |
| BOTTOM OF THE 7TH |
|
Minnesota Twins batting - Pitching for Detroit Tigers : RHP Matt Wiseman
|
|
Batting: RHB George Foster
|
0-0: Ball 1-0: Called Strike 1-1: Swinging Strike 1-2: Strikes out swinging
|
|
Batting: RHB Chet Lemon
|
0-0: Foul Ball, location: 2F 0-1: Foul Ball, location: 2F 0-2: Ball 1-2: Strikes out swinging
|
|
Batting: LHB Ken Oberkfell
|
0-0: Foul Ball, location: 2F 0-1: Ground out 5-3 (Groundball, 56, EV 103.8 MPH)
|
| Bottom of the 7th over - 0 runs, 0 hits, 0 errors, 0 left on base; Detroit 0 - Minnesota 2 |
| TOP OF THE 8TH |
|
Detroit Tigers batting - Pitching for Minnesota Twins : RHP Chris Codiroli
|
|
Batting: LHB Larry Harlow
|
0-0: Called Strike 0-1: Ball 1-1: SINGLE (Line Drive, 9S, EV 99.4 MPH)
|
|
Pitching: RHP Fred Breining
|
|
|
Batting: LHB Dan Graham
|
0-0: Ball 1-0: Swinging Strike 1-1: Grounds out, U3 (Groundball, 3L, EV 83.8 MPH)
|
|
Batting: RHB Mike Sproles
|
0-0: Ball 1-0: Foul Ball, location: 2F 1-1: SINGLE (Groundball, P, EV 82.5 MPH) (infield hit) Larry Harlow to third
|
|
Batting: SHB Lee Mazzilli
|
0-0: Foul Ball, location: 2F 0-1: Ball 1-1: Ball 2-1: Ball 3-1: Base on Balls Mike Sproles to second
|
|
Batting: RHB Rusty Tillman
|
0-0: Called Strike 0-1: DOUBLE (Groundball, 5L, EV 100.6 MPH) Larry Harlow scores Mike Sproles scores Lee Mazzilli to third Runner from 3rd tries for Home, SAFE, throw by LF to home
|
|
Batting: SHB Tony Phillips
|
0-0: Ball 1-0: Foul Ball, location: 2F 1-1: Swinging Strike 1-2: Ball 2-2: Strikes out swinging
|
|
Batting: LHB Greg Brock
|
0-0: Ball 1-0: Called Strike 1-1: Ground out 6-3 (Groundball, P, EV 78.8 MPH)
|
| Top of the 8th over - 3 runs, 3 hits, 0 errors, 1 left on base; Detroit 3 - Minnesota 2 |
| BOTTOM OF THE 8TH |
|
Minnesota Twins batting - Pitching for Detroit Tigers : RHP Matt Wiseman
|
|
Batting: RHB Taylor Duncan
|
0-0: Ball 1-0: Swinging Strike 1-1: Swinging Strike 1-2: Ground out 6-3 (Groundball, 6, EV 106.3 MPH)
|
|
Batting: RHB Lee Lacy
|
0-0: Ball 1-0: Ball 2-0: Called Strike 2-1: Ball 3-1: Swinging Strike 3-2: Fly out, F7 (Line Drive, 7, EV 90.0 MPH)
|
|
Batting: RHB Steve Brye
|
0-0: Ball 1-0: Fly out, F9 (Flyball, 89M, EV 91.9 MPH)
|
| Bottom of the 8th over - 0 runs, 0 hits, 0 errors, 0 left on base; Detroit 3 - Minnesota 2 |
| TOP OF THE 9TH |
|
Detroit Tigers batting - Pitching for Minnesota Twins : RHP Fred Breining
|
|
Batting: RHB Keith Moreland
|
0-0: Called Strike 0-1: Fly out, F9 (Flyball, 9D, EV 93.1 MPH)
|
|
Batting: RHB Andre Thornton
|
0-0: Called Strike 0-1: Ball 1-1: Swinging Strike 1-2: Ball 2-2: Strikes out looking
|
|
Batting: LHB Larry Harlow
|
0-0: Ball 1-0: Called Strike 1-1: Ball 2-1: Foul Ball, location: 2F 2-2: SINGLE (Line Drive, 6MD, EV 95.0 MPH)
|
|
Batting: LHB Dan Graham
|
0-0: Called Strike 0-1: Swinging Strike 0-2: Ball 1-2: Ball Larry Harlow steals 2nd base 2-2: Foul Ball, location: 2F 2-2: Fly out, F8 (Flyball, 78M, EV 71.9 MPH)
|
| Top of the 9th over - 0 runs, 1 hit, 0 errors, 1 left on base; Detroit 3 - Minnesota 2 |
| BOTTOM OF THE 9TH |
|
Minnesota Twins batting - Pitching for Detroit Tigers : RHP Matt Wiseman
|
|
Now at 1B: William Young
|
|
|
Batting: RHB Matt Cooper
|
0-0: SINGLE (Groundball, 34D, EV 99.4 MPH)
|
|
Pitching: LHP Mark Fisher
|
|
|
Batting: RHB Randy Edwards
|
0-0: Ball Pickoff Throw by Catcher to First - Error! E2 Matt Cooper to second 1-0: Swinging Strike 1-1: Ball 2-1: Called Strike 2-2: Ball 3-2: Base on Balls
|
|
Batting: RHB Larry Hisle
|
0-0: Foul Ball, location: 2F 0-1: Ball 1-1: Ball 2-1: Foul Ball, location: 2F 2-2: Strikes out swinging
|
|
Batting: RHB George Foster
|
0-0: Foul Ball, location: 2F 0-1: Ball 1-1: Swinging Strike 1-2: Ball 2-2: SINGLE (Line Drive, 8LS, EV 89.4 MPH) Matt Cooper to third Randy Edwards to second Runner from 3rd tries for Home, SAFE, throw by CF to home
|
|
Batting: RHB Chet Lemon
|
0-0: Foul Ball, location: 2F 0-1: Called Strike 0-2: Foul Ball, location: 2F 0-2: Strikes out swinging
|
|
Pinch Hitting: SHB Jerry Mumphrey
|
0-0: Ball 1-0: Ball 2-0: Fly out, F8 (Flyball, 8LD, EV 78.8 MPH)
|
| Bottom of the 9th over - 1 run, 2 hits, 1 error, 2 left on base; Detroit 3 - Minnesota 3 |
| TOP OF THE 10TH |
|
Detroit Tigers batting - Pitching for Minnesota Twins : RHP Fred Breining
|
|
Now at 2B: Tony Bernazard
|
|
|
Pinch Hitting: RHB Dave Kingman
|
0-0: Ball 1-0: SOLO HOME RUN (Flyball, 89XD, EV 108.1 MPH), Distance : 439 ft
|
|
Pitching: LHP Tom Hall
|
|
|
Batting: SHB Lee Mazzilli
|
0-0: Ball 1-0: Called Strike 1-1: Ball 2-1: Foul Ball, location: 2F 2-2: Ball 3-2: Foul Ball, location: 2F 3-2: Strikes out looking
|
|
Batting: RHB Rusty Tillman
|
0-0: Foul Ball, location: 2F 0-1: Called Strike 0-2: Ball 1-2: Ball 2-2: Strikes out swinging
|
|
Batting: SHB Tony Phillips
|
0-0: Called Strike 0-1: Ball 1-1: SINGLE (Line Drive, 4MD, EV 98.1 MPH)
|
|
Batting: RHB William Young
|
0-0: Ball 1-0: Ball 2-0: Foul Ball, location: 2F 2-1: SINGLE (Groundball, 56D, EV 100.0 MPH) Tony Phillips to second Runner from 2nd tries for 3rd, SAFE, throw by LF made to third
|
|
Batting: RHB Keith Moreland
|
0-0: Ball 1-0: Ball 2-0: SINGLE (Line Drive, 6D, EV 103.8 MPH) Tony Phillips scores William Young to second
|
|
Batting: RHB Andre Thornton
|
0-0: Swinging Strike 0-1: Ball 1-1: Foul Ball, location: 2F 1-2: Ball 2-2: Ball 3-2: Strikes out swinging
|
| Top of the 10th over - 2 runs, 4 hits, 0 errors, 2 left on base; Detroit 5 - Minnesota 3 |
| BOTTOM OF THE 10TH |
|
Minnesota Twins batting - Pitching for Detroit Tigers : LHP Mark Fisher
|
|
Now at 2B: Jose Hidalgo
|
|
|
Batting: RHB Taylor Duncan
|
0-0: Foul Ball, location: 2F 0-1: Ball 1-1: Ball 2-1: Fly out, F6 (Popup, 4MD, EV 49.4 MPH)
|
|
Pitching: RHP J R Richard
|
|
|
Batting: RHB Lee Lacy
|
0-0: Called Strike 0-1: DOUBLE (Line Drive, 5D, EV 96.3 MPH)
|
|
Batting: RHB Steve Brye
|
0-0: Fly out, F9 (Flyball, 89D, EV 100.6 MPH) Runner from 2nd tags up, SAFE at 3rd, no throw by RF
|
|
Batting: RHB Matt Cooper
|
0-0: Called Strike 0-1: Ball 1-1: Called Strike 1-2: Ball 2-2: Foul Ball, location: 2F 2-2: Ball 3-2: SINGLE (Groundball, 56D, EV 105.0 MPH) Lee Lacy scores
|
|
Batting: RHB Randy Edwards
|
0-0: Ball 1-0: Swinging Strike 1-1: Foul Ball, location: 2F 1-2: Reached on error, E7 (Line Drive, 7D, EV 95.0 MPH) Matt Cooper to third
|
|
Batting: RHB Larry Hisle
|
0-0: Ball 1-0: Foul Ball, location: 2F 1-1: Foul Ball, location: 2F 1-2: Strikes out swinging
|
| Bottom of the 10th over - 1 run, 2 hits, 1 error, 2 left on base; Detroit 5 - Minnesota 4 |
|